 Dungeon Crawl Stone Soup version 0.28-a0-1444-g6c55d0bc0c (webtiles) character file.

Game seed: 428835055176016523

147 Essalna the Skirmisher (level 5, -1/42 HPs)
             Began as a Djinni Delver on Jan 10, 2022.
             Was an Initiate of Makhleb.
             Slain by an ufetubus (2 damage)
             ... on level 3 of the Dungeon.
             The game lasted 00:03:06 (1653 turns).

Essalna the Skirmisher (Djinni Delver)              Turns: 1653, Time: 00:03:07

Health: -1/42      AC:  3    Str: 11    XL:     5   Next: 55%
Gold:   92         EV: 12    Int: 13    God:    Makhleb [......] SH:  0 Dex: 15

rFire   + + .      SeeInvis .   a - +0 falchion
rCold   x . .      Faith    .   (no shield)
rNeg    . . .      Spirit   .   b - +0 leather armour
rPois   ∞          Reflect  .   (no helmet)
rElec   .          Harm     .   (no cloak)
rCorr   .          Rampage  .   (no gloves)
Will    .....                   (boots unavailable)
Stlth   ++........              (no amulet)
HPRegen 0.14/turn               o - ring of wizardry
MPRegen 0.00/turn               (no ring)

@: flying
A: sickness immunity, fire resistance 2, cold vulnerability 1, float, innate
caster, hp casting, extra vitality 1
a: Renounce Religion


You were on level 3 of the Dungeon.
You worshipped Makhleb.
Makhleb was noncommittal.
You visited 2 branches of the dungeon, and saw 4 of its levels.

You collected 92 gold pieces.

Inventory:

Hand Weapons
 a - a +0 falchion (weapon)
Missiles
 j - a silver javelin
Armour
 b - a +0 leather armour (worn)
Jewellery
 o - a ring of wizardry (left hand)
Wands
 g - a wand of digging (3)
 l - a wand of flame (18)
 n - a wand of mindburst (17)
Scrolls
 c - a scroll of fog
 d - a scroll of magic mapping
 e - a scroll of fear
 h - a scroll of enchant armour {unknown}
 i - 2 scrolls of teleportation {unknown}
 k - 2 scrolls of identify {unknown}
 p - 2 scrolls of enchant weapon {unknown}
Potions
 f - a potion of haste
 m - a potion of heal wounds {unknown}
 q - 3 potions of lignification {unknown}
 r - a potion of cancellation {unknown}


   Skills:
 + Level 4.6 Fighting
 - Level 1.7 Long Blades
 - Level 2.1 Dodging
 - Level 4.1 Stealth
 + Level 2.4 Spellcasting


You had 5 spell levels left.
You knew the following spells:

 Your Spells              Type           Power      Damage    Failure   Level
a - Animate Skeleton      Necr           14%        N/A       4%          1
b - Static Discharge      Conj/Air       7%         N/A       8%          2
Your spell library was empty.

Dungeon Overview and Level Annotations

Branches:
Dungeon (5/15)             Temple (1/1) D:4

Altars:
Ashenzari
Dithmenos
Elyvilon
Gozag
Hepliaklqana
Makhleb
Nemelex Xobeh
Okawaru
Qazlal
Ru
Sif Muna
Trog
Xom
Zin
The Shining One

Annotations:
D:3 Terence


Innate Abilities, Weirdness & Mutations

You are immune to sickness and miasma.
You are immune to poison.
Your flesh is very heat resistant. (rF++)
You are vulnerable to cold. (rC-)
You float through the air rather than walking.
You learn spells naturally, not from books.
Your magical power is your life essence.
You have superior vitality. (+4 MHP)


Message History

Casting: Static Discharge (safe; 8% risk of failure)
Confirm with . or Enter, or press ? or * to list all spells.
The orc is struck by an arc of lightning.
You kill the orc!
Makhleb accepts your kill.
The ufetubus is struck by an arc of lightning.
The ufetubus is almost dead.
The lightning grounds out.
The orc wizard is struck by an arc of lightning.
The orc wizard is heavily wounded.
The lightning grounds out.
The orc wizard hits you with a +0 dagger.
The ufetubus barely misses you. The ufetubus hits you. Something hits you.
* * * LOW HITPOINT WARNING * * *
Unknown command.
Casting: Static Discharge (safe; 8% risk of failure)
Confirm with . or Enter, or press ? or * to list all spells.
The orc wizard is struck by an arc of lightning.
The orc wizard is almost dead.
The lightning grounds out.
Something is struck by an arc of lightning.
The lightning grounds out.
* * * LOW HITPOINT WARNING * * *
The ufetubus closely misses you. The ufetubus hits you.
* * * LOW HITPOINT WARNING * * *
The orc wizard points at you and mumbles some strange words.
You resist with some effort.
You hear some strange, mumbled words.
A puff of flame appears from out of thin air!
The puff of flame misses you. The ufetubus closely misses you.
The ufetubus hits you.
* * * LOW HITPOINT WARNING * * *
Unknown command.
The orc wizard hits you but does no damage.
The ufetubus hits you but does no damage. x2
The ufetubus barely misses you. x2
The ufetubus closely misses you. The ufetubus hits you.
* * * LOW HITPOINT WARNING * * *
The ufetubus barely misses you. The ufetubus hits you.
You die...

### #.# #.# #.#
######### #.#
#.......#
#####.#####.#####.#
#.S..5@..)..#####.#
#g###.............#
#.# ######..#####.#
#.########..#
#o†.(....)).#
#.....og########.##
...o..o.. #.#
.Jo####.## #.# .#
#.# #.#


You could see an ufetubus, a hobgoblin and a ball python.

Vanquished Creatures
  An ogre (D:4)
  3 adders
  An adder skeleton (D:4)
  7 orcs
  3 ball pythons
  A bat (D:3)
  4 endoplasms (D:4)
  A giant cockroach (D:4)
  3 hobgoblins
  A quokka (D:4)
  A kobold (D:3)
26 creatures vanquished.

Notes
Turn   | Place    | Note
-------+----------+-------------------------------------------
     0 | D:5      | Essalna the Djinni Delver began the quest for the Orb.
     0 | D:5      | Reached XP level 1. HP: 20/20 MP: 0/0
   102 | D:5      | Reached XP level 2. HP: 17/25 MP: 0/0
   219 | D:4      | Found a glowing golden altar of the Shining One.
   264 | D:4      | Found a broken altar of Ashenzari.
   280 | D:4      | Reached skill level 1 in Spellcasting
   288 | D:4      | Found a shimmering altar of Xom.
   517 | D:3      | Noticed Terence
   586 | D:4      | Reached XP level 3. HP: 24/30 MP: 0/0
   586 | D:4      | Learned a level 1 spell: Animate Skeleton
   803 | D:4      | Noticed an ogre
   811 | D:4      | Killed an ogre
   812 | D:4      | Reached XP level 4. HP: 28/38 MP: 0/0
   812 | D:4      | Reached XP level 5. HP: 31/42 MP: 0/0
   812 | D:4      | Learned a level 2 spell: Static Discharge
  1197 | D:4      | Found a stormy altar of Qazlal.
  1288 | D:4      | Found a shadowy altar of Dithmenos.
  1413 | D:4      | Found a staircase to the Ecumenical Temple.
  1426 | Temple   | Entered the Ecumenical Temple
  1447 | Temple   | Became a worshipper of Makhleb the Destroyer
  1651 | D:3      | HP: 1/42 [ufetubus (4)]
  1653 | D:3      | Slain by an ufetubus

Illustrated notes

Levels and vault maps discovered:
D:3:      layout_loops_ring, kiku_gazebo_pond_becter,
          mainiacjoe_overflow_surrounded_room,
          dreamdust_ecumenical_altar_hidden_monk_grotto,
          kennysheep_generic_room_6, uniq_sigmund, uniq_terence, uniq_pargi
D:4:      kennysheep_spiral_hall, layout_basic,
          mainiacjoe_overflow_cross_hatched, nicolae_tso_carved_into_rock,
          nicolae_dithmenos_shadow_blocks, mainiacjoe_overflow_tiny_flanked,
          mainiacjoe_overflow_six_doors_small, minmay_temple_entry_offerings
D:5:      layout_basic, minmay_fractal_squares_diagonal_5
Temple:   nicolae_temple_x_marks_the_god

Skill      XL: |  1  2  3 |
---------------+----------+-----
Spellcasting   | 1 2 |  2.4
Fighting       | 4 |  4.6
Long Blades    | |  1.7
Dodging        | |  2.1
Stealth        | |  4.1

Action                   |  1- 3 |  4- 6 || total
-------------------------+-------+-------++-------
Melee: Falchion          |    57 |     7 ||    64
       Punch             |     1 |       ||     1
Throw: Javelin           |     2 |       ||     2
 Cast: Static Discharge  |       |    23 ||    23
       Animate Skeleton  |       |     1 ||     1
Evoke: Wand              |     3 |       ||     3
 Stab: Sleeping          |     2 |       ||     2
Armor: Leather armour    |    16 |    10 ||    26
Dodge: Dodged            |    38 |    26 ||    64

Table legend: (Time is in decaauts)
 A = Elapsed time spent in this place.
 B = Non-inter-level travel time spent in this place.
 C = Inter-level travel time spent in this place.
 D = Time resting spent in this place.
 E = Time spent auto-exploring this place.
 F = Levels seen in this place.
 G = Mean time per level.
                   A        B        C        D        E       F      G
               +--------+--------+--------+--------+--------+-----+--------+
         Total |   1667 |   1654 |     13 |     67 |   1192 |   4 |  416.8 |
       Dungeon |   1638 |   1631 |      7 |     67 |   1185 |   3 |  546.0 |
        Temple |     28 |     22 |      6 |      0 |      7 |   1 |   28.0 |
               +--------+--------+--------+--------+--------+-----+--------+

Top non-repeatable levels by time:
     D:4: 1263 daAuts
     D:5: 196 daAuts
     D:3: 179 daAuts
  Temple: 28 daAuts
